General information
- name: BNet
- type: Ladder team game (AT/RT)
- host: Battle.net
- saver: GodsGoodBuddy
map: Cherryville
- players: 8
- length: 38:19
- speed: Fast
- version: 1.26 W3XP
- replay type: Public
» download(262 KB)
Players
team 1 (loser)

»
K_C_C_O (
purple | 23 APM | 762 actions | 33:50)
5 Dreadlord
3 Vampiric Aura
2 Sleep
» actions
| Basic commands | 66 | |
| Build / train | 65 | |
| Enter build submenu | 30 | |
| Enter hero's abilities submenu | 5 | |
| Give item / drop item | 1 | |
| Right click | 209 | |
| Select / deselect | 331 | |
| Use ability | 55 | |
762 total
» units
| Acolyte | 13 | |
| Ghoul | 11 | |
| Obsidian Statue | 3 | |
| Abomination | 7 | |
34 total
» upgrades
| Cannibalize | 1 | |
| Unholy Strength | 3 | |
| Unholy Armor | 3 | |
| Disease Cloud | 1 | |
| Web | 1 | |
9 total
» buildings
| Ziggurat | 17 | |
| Crypt | 1 | |
| Altar of Darkness | 1 | |
| Graveyard | 1 | |
| Nerubian Tower | 1 | |
| Tomb of Relics | 1 | |
| Spirit Tower | 7 | |
| Halls of the Dead | 1 | |
| Black Citadel | 1 | |
| Slaughterhouse | 3 | |
34 total
» build order
00:13 Ziggurat
00:20 Crypt
00:36 Ziggurat
01:10 Altar of Darkness
01:36 Graveyard
01:59 Nerubian Tower
02:51 Tomb of Relics
03:03 Spirit Tower
03:16 Ziggurat
05:53 Ziggurat
06:22 Halls of the Dead
06:48 Ziggurat
06:50 Spirit Tower
06:54 Ziggurat
07:04 Ziggurat
07:12 Ziggurat
07:51 Spirit Tower
08:47 Black Citadel
08:53 Slaughterhouse
08:55 Spirit Tower
08:59 Slaughterhouse
09:12 Slaughterhouse
15:34 Ziggurat
15:39 Ziggurat
15:42 Ziggurat
15:47 Ziggurat
17:08 Ziggurat
17:34 Spirit Tower
17:36 Spirit Tower
17:57 Spirit Tower
20:03 Ziggurat
20:05 Ziggurat
20:08 Ziggurat
20:10 Ziggurat
» items
| Sacrificial Skull | 1 | |
| Potion of Healing | 2 | |
| Orb of Corruption | 1 | |
| Rod of Necromancy | 1 | |
| Scroll of Town Portal | 1 | |
6 total
johnl5r3w9 (
green | 150 APM | 1901 actions | 12:42)
4 Archmage
2 Summon Water Elemental
1 Brilliance Aura
1 Blizzard
» actions
| Assign group hotkey | 22 | |
| Basic commands | 124 | |
| Build / train | 46 | |
| ESC pressed | 1 | |
| Enter build submenu | 23 | |
| Enter hero's abilities submenu | 4 | |
| Right click | 544 | |
| Select / deselect | 356 | |
| Select group hotkey | 729 | |
| Use ability | 52 | |
1901 total
» units
| Peasant | 20 | |
| Rifleman | 7 | |
| Mortar Team | 5 | |
32 total
» upgrades
» buildings
| Blacksmith | 1 | |
| Barracks | 1 | |
| Farm | 6 | |
| Altar of Kings | 1 | |
| Keep | 1 | |
| Arcane Vault | 1 | |
| Arcane Sanctum | 1 | |
| Workshop | 2 | |
| Scout Tower | 3 | |
17 total
» build order
00:05 Blacksmith
00:07 Barracks
00:13 Farm
01:09 Altar of Kings
01:47 Farm
02:30 Farm
03:46 Farm
03:58 Farm
04:35 Keep
05:09 Arcane Vault
05:25 Farm
06:59 Arcane Sanctum
07:01 Workshop
07:02 Workshop
09:09 Scout Tower
09:10 Scout Tower
09:11 Scout Tower
» items
| Scroll of Regeneration | 2 | |
| Lesser Clarity Potion | 2 | |
| Scroll of Town Portal | 1 | |
5 total
Tardwrangler (
pink | 115 APM | 4392 actions | 38:17)
8 Archmage
3 Summon Water Elemental
3 Brilliance Aura
1 Mass Teleport
1 Blizzard
» actions
| Assign group hotkey | 99 | |
| Basic commands | 312 | |
| Build / train | 204 | |
| ESC pressed | 13 | |
| Enter build submenu | 83 | |
| Enter hero's abilities submenu | 8 | |
| Give item / drop item | 5 | |
| Right click | 1307 | |
| Select / deselect | 523 | |
| Select group hotkey | 1528 | |
| Use ability | 310 | |
4392 total
» units
| Peasant | 24 | |
| Footman | 9 | |
| Goblin Sapper | 2 | |
| Gryphon Rider | 9 | |
| Dragonhawk Rider | 2 | |
| Goblin Zeppelin | 4 | |
50 total
» upgrades
| Masonry | 3 | |
| Lumber Harvesting | 2 | |
| Swords | 3 | |
| Animal War Training | 1 | |
| Backpack | 1 | |
| Storm Hammers | 1 | |
| Magic Sentry | 1 | |
| Armor | 3 | |
| Sorceress Training | 2 | |
| Plating | 3 | |
| Gunpowder | 3 | |
| Cloud | 1 | |
| Priest Training | 2 | |
| Control Magic | 1 | |
| Defend | 1 | |
28 total
» buildings
| Altar of Kings | 1 | |
| Barracks | 1 | |
| Farm | 8 | |
| Arcane Vault | 1 | |
| Town Hall | 3 | |
| Lumber Mill | 1 | |
| Scout Tower | 58 | |
| Keep | 3 | |
| Guard Tower | 61 | |
| Arcane Tower | 7 | |
| Castle | 4 | |
| Blacksmith | 1 | |
| Gryphon Aviary | 4 | |
| Arcane Sanctum | 1 | |
154 total
» build order
00:13 Altar of Kings
00:16 Barracks
00:40 Farm
01:15 Farm
01:52 Arcane Vault
02:01 Farm
03:13 Farm
03:46 Town Hall
04:53 Lumber Mill
05:12 Scout Tower
05:16 Scout Tower
05:18 Scout Tower
05:20 Scout Tower
05:58 Keep
05:58 Keep
06:00 Guard Tower
06:01 Guard Tower
06:01 Guard Tower
06:02 Guard Tower
06:02 Guard Tower
06:08 Arcane Tower
06:17 Scout Tower
06:27 Scout Tower
06:30 Scout Tower
06:45 Guard Tower
06:45 Guard Tower
06:56 Guard Tower
06:56 Guard Tower
06:58 Scout Tower
07:39 Scout Tower
07:40 Scout Tower
07:42 Scout Tower
07:46 Town Hall
07:50 Scout Tower
07:52 Scout Tower
07:54 Scout Tower
07:56 Scout Tower
07:58 Scout Tower
08:09 Guard Tower
08:09 Guard Tower
08:09 Guard Tower
08:26 Guard Tower
08:26 Guard Tower
08:26 Guard Tower
08:29 Scout Tower
08:31 Scout Tower
08:33 Scout Tower
08:33 Guard Tower
08:34 Guard Tower
08:34 Guard Tower
08:34 Guard Tower
08:36 Scout Tower
08:54 Guard Tower
08:54 Guard Tower
09:04 Guard Tower
09:04 Guard Tower
09:38 Arcane Tower
09:38 Arcane Tower
09:42 Guard Tower
09:42 Guard Tower
09:42 Guard Tower
09:43 Arcane Tower
09:43 Arcane Tower
09:44 Guard Tower
09:44 Guard Tower
10:11 Castle
10:11 Castle
10:12 Castle
10:24 Scout Tower
10:29 Scout Tower
10:32 Scout Tower
10:35 Scout Tower
10:41 Farm
10:57 Scout Tower
10:57 Scout Tower
10:59 Scout Tower
11:00 Scout Tower
11:02 Scout Tower
11:03 Scout Tower
11:04 Scout Tower
11:07 Scout Tower
11:11 Guard Tower
11:11 Guard Tower
11:12 Guard Tower
11:13 Guard Tower
11:13 Guard Tower
11:22 Guard Tower
11:28 Guard Tower
11:29 Guard Tower
11:31 Guard Tower
11:31 Guard Tower
11:41 Guard Tower
11:42 Guard Tower
11:51 Guard Tower
11:59 Guard Tower
12:23 Blacksmith
13:13 Gryphon Aviary
13:14 Gryphon Aviary
13:34 Arcane Sanctum
13:39 Gryphon Aviary
14:00 Gryphon Aviary
15:57 Scout Tower
16:03 Farm
16:42 Guard Tower
16:42 Guard Tower
18:05 Farm
18:07 Scout Tower
20:38 Scout Tower
20:39 Scout Tower
20:40 Scout Tower
20:42 Scout Tower
20:47 Guard Tower
20:56 Farm
23:56 Scout Tower
23:57 Scout Tower
23:58 Scout Tower
23:59 Scout Tower
24:01 Scout Tower
24:02 Scout Tower
24:18 Scout Tower
24:21 Scout Tower
24:23 Scout Tower
24:25 Scout Tower
24:27 Scout Tower
27:11 Town Hall
27:13 Scout Tower
27:14 Scout Tower
27:15 Scout Tower
27:16 Scout Tower
27:19 Scout Tower
27:22 Scout Tower
27:24 Scout Tower
27:26 Scout Tower
27:28 Scout Tower
27:47 Arcane Tower
27:47 Arcane Tower
27:48 Guard Tower
27:48 Guard Tower
» items
| Scroll of Regeneration | 8 | |
| Mechanical Critter | 2 | |
| Boots of Speed | 1 | |
| Staff of Teleportation | 1 | |
| Potion of Healing | 2 | |
| Scroll of Town Portal | 4 | |
| Lesser Clarity Potion | 1 | |
19 total
kellonie (
blue | 21 APM | 801 actions | 38:17)
7 Death Knight
3 Death Coil
3 Unholy Aura
1 Animate Dead
» actions
| Assign group hotkey | 13 | |
| Basic commands | 25 | |
| Build / train | 76 | |
| Enter build submenu | 29 | |
| Enter hero's abilities submenu | 8 | |
| Remove unit from queue | 1 | |
| Right click | 181 | |
| Select / deselect | 261 | |
| Select group hotkey | 141 | |
| Use ability | 66 | |
801 total
» units
| Acolyte | 8 | |
| Ghoul | 2 | |
| Crypt Fiend | 14 | |
| Goblin Shredder | 1 | |
| Obsidian Statue | 1 | |
| Peasant | 6 | |
| Mortar Team | 5 | |
| Frost Wyrm | 5 | |
42 total
» upgrades
| Creature Attack | 3 | |
| Creature Carapace | 3 | |
| Web | 1 | |
| Freezing Breath | 1 | |
8 total
» buildings
| Ziggurat | 10 | |
| Altar of Darkness | 1 | |
| Graveyard | 1 | |
| Crypt | 2 | |
| Tomb of Relics | 1 | |
| Halls of the Dead | 1 | |
| Black Citadel | 1 | |
| Nerubian Tower | 5 | |
| Spirit Tower | 3 | |
| Sacrificial Pit | 1 | |
| Slaughterhouse | 1 | |
| Boneyard | 3 | |
| Scout Tower | 4 | |
| Lumber Mill | 1 | |
| Arcane Tower | 1 | |
| Guard Tower | 1 | |
| Farm | 1 | |
| Altar of Kings | 1 | |
39 total
» build order
00:13 Ziggurat
00:32 Altar of Darkness
00:57 Graveyard
01:09 Crypt
01:24 Crypt
01:39 Ziggurat
02:24 Ziggurat
05:46 Tomb of Relics
06:11 Ziggurat
07:07 Halls of the Dead
07:55 Ziggurat
08:56 Ziggurat
09:34 Black Citadel
09:37 Nerubian Tower
09:38 Spirit Tower
09:40 Nerubian Tower
09:52 Sacrificial Pit
10:42 Slaughterhouse
11:14 Ziggurat
11:15 Ziggurat
11:17 Ziggurat
12:34 Boneyard
12:43 Boneyard
13:04 Spirit Tower
13:05 Nerubian Tower
13:07 Nerubian Tower
13:09 Nerubian Tower
13:17 Boneyard
14:49 Ziggurat
15:41 Scout Tower
15:45 Lumber Mill
15:48 Scout Tower
16:27 Arcane Tower
16:40 Scout Tower
16:41 Scout Tower
17:26 Guard Tower
19:15 Farm
19:20 Altar of Kings
21:04 Spirit Tower
» items
team 2 (winner)

»
NutBlaster (
yellow | 139 APM | 3680 actions | 26:24)
6 Blademaster
3 Wind Walk
2 Critical Strike
1 Bladestorm
6 Tauren Chieftain
3 Endurance Aura
2 War Stomp
1 Reincarnation
» actions
| Assign group hotkey | 41 | |
| Basic commands | 587 | |
| Build / train | 82 | |
| Enter build submenu | 26 | |
| Enter hero's abilities submenu | 12 | |
| Give item / drop item | 2 | |
| Remove unit from queue | 17 | |
| Right click | 981 | |
| Select / deselect | 1064 | |
| Select group hotkey | 600 | |
| Use ability | 268 | |
3680 total
» units
| Peon | 12 | |
| Shaman | 10 | |
| Troll Witch Doctor | -7 | |
| Troll Batrider | 5 | |
20 total
» upgrades
| Shaman Training | 2 | |
| Witch Doctor Training | 2 | |
| Spirit Walker Training | 2 | |
| Reinforced Defenses | 1 | |
7 total
» buildings
| Altar of Storms | 1 | |
| Orc Burrow | 10 | |
| Voodoo Lounge | 2 | |
| Stronghold | 1 | |
| War Mill | 1 | |
| Fortress | 1 | |
| Spirit Lodge | 4 | |
| Watch Tower | 4 | |
| Beastiary | 3 | |
27 total
» build order
00:14 Altar of Storms
00:18 Orc Burrow
00:59 Voodoo Lounge
02:43 Stronghold
03:08 War Mill
03:30 Orc Burrow
03:53 Orc Burrow
03:56 Orc Burrow
03:59 Orc Burrow
05:06 Fortress
05:16 Spirit Lodge
05:16 Spirit Lodge
05:17 Spirit Lodge
05:42 Spirit Lodge
13:56 Orc Burrow
13:56 Orc Burrow
13:57 Orc Burrow
13:58 Orc Burrow
13:58 Orc Burrow
16:32 Voodoo Lounge
17:40 Watch Tower
17:40 Watch Tower
17:43 Watch Tower
18:10 Beastiary
18:10 Beastiary
18:23 Beastiary
18:49 Watch Tower
» items
| Healing Salve | 4 | |
| Lesser Clarity Potion | 4 | |
| Orb of Lightning | 1 | |
| Scroll of Speed | 2 | |
| Potion of Mana | 1 | |
| Potion of Healing | 1 | |
| Scroll of Town Portal | 4 | |
| Scroll of Protection | 2 | |
| Scroll of Healing | 2 | |
| Potion of Lesser Invulnerability | 1 | |
22 total

»
NiggrHater (
red | 38 APM | 1444 actions | 38:17)
5 Archmage
3 Summon Water Elemental
2 Brilliance Aura
» actions
| Basic commands | 87 | |
| Build / train | 163 | |
| Enter build submenu | 104 | |
| Enter hero's abilities submenu | 5 | |
| Remove unit from queue | 19 | |
| Right click | 325 | |
| Select / deselect | 611 | |
| Use ability | 130 | |
1444 total
» units
| Peasant | 31 | |
| Footman | 13 | |
| Gryphon Rider | 14 | |
58 total
» upgrades
| Masonry | 3 | |
| Defend | 1 | |
| Lumber Harvesting | 2 | |
| Swords | 3 | |
| Armor | 3 | |
| Storm Hammers | 1 | |
| Magic Sentry | 1 | |
| Plating | 2 | |
16 total
» buildings
| Farm | 13 | |
| Altar of Kings | 1 | |
| Lumber Mill | 2 | |
| Barracks | 1 | |
| Scout Tower | 65 | |
| Guard Tower | 43 | |
| Town Hall | 3 | |
| Keep | 1 | |
| Arcane Vault | 2 | |
| Castle | 1 | |
| Gryphon Aviary | 4 | |
| Blacksmith | 2 | |
| Arcane Sanctum | 1 | |
139 total
» build order
00:35 Farm
00:39 Altar of Kings
01:16 Farm
01:33 Lumber Mill
02:00 Barracks
02:34 Scout Tower
02:38 Scout Tower
03:04 Guard Tower
03:06 Guard Tower
03:47 Scout Tower
03:57 Town Hall
04:06 Scout Tower
04:14 Scout Tower
04:18 Guard Tower
04:26 Scout Tower
04:43 Scout Tower
04:45 Guard Tower
04:51 Scout Tower
05:08 Guard Tower
05:20 Scout Tower
05:31 Guard Tower
05:34 Scout Tower
05:48 Guard Tower
05:53 Scout Tower
05:58 Scout Tower
06:03 Guard Tower
06:05 Scout Tower
06:17 Farm
06:26 Scout Tower
06:36 Keep
06:39 Scout Tower
06:46 Guard Tower
06:48 Scout Tower
06:50 Guard Tower
07:03 Farm
07:18 Arcane Vault
07:20 Guard Tower
07:28 Scout Tower
07:34 Guard Tower
07:36 Arcane Vault
07:38 Scout Tower
08:07 Scout Tower
08:08 Guard Tower
08:11 Guard Tower
08:13 Farm
08:18 Scout Tower
08:22 Scout Tower
08:54 Scout Tower
09:00 Scout Tower
09:01 Guard Tower
09:03 Guard Tower
10:21 Scout Tower
10:26 Castle
11:27 Gryphon Aviary
11:30 Gryphon Aviary
11:36 Guard Tower
11:38 Scout Tower
11:48 Scout Tower
12:01 Scout Tower
12:05 Scout Tower
12:31 Guard Tower
12:36 Scout Tower
12:40 Scout Tower
12:54 Gryphon Aviary
13:04 Scout Tower
13:05 Guard Tower
13:30 Guard Tower
13:32 Scout Tower
13:36 Scout Tower
13:54 Scout Tower
14:04 Gryphon Aviary
14:13 Blacksmith
14:16 Blacksmith
14:19 Scout Tower
14:38 Guard Tower
14:41 Scout Tower
14:42 Scout Tower
14:52 Scout Tower
15:05 Guard Tower
15:07 Scout Tower
15:21 Town Hall
15:31 Scout Tower
16:06 Lumber Mill
16:26 Scout Tower
16:30 Scout Tower
16:44 Guard Tower
16:46 Guard Tower
17:02 Farm
17:05 Guard Tower
17:07 Scout Tower
17:08 Scout Tower
17:36 Guard Tower
17:51 Farm
17:52 Farm
17:56 Farm
18:09 Guard Tower
18:27 Farm
18:31 Farm
18:55 Guard Tower
18:57 Scout Tower
20:01 Farm
20:54 Farm
20:59 Scout Tower
21:07 Scout Tower
21:09 Guard Tower
21:17 Scout Tower
21:19 Scout Tower
21:23 Arcane Sanctum
21:38 Scout Tower
21:40 Scout Tower
21:42 Guard Tower
21:45 Scout Tower
21:46 Guard Tower
21:47 Scout Tower
22:17 Guard Tower
22:20 Scout Tower
22:22 Scout Tower
22:24 Scout Tower
22:32 Scout Tower
22:33 Guard Tower
22:36 Scout Tower
22:38 Scout Tower
24:27 Town Hall
24:50 Scout Tower
24:52 Scout Tower
25:04 Guard Tower
25:15 Scout Tower
25:24 Scout Tower
25:26 Scout Tower
25:27 Guard Tower
25:35 Scout Tower
25:43 Guard Tower
25:45 Guard Tower
25:45 Guard Tower
25:45 Guard Tower
26:35 Guard Tower
» items
| Scroll of Town Portal | 1 | |
| Scroll of Regeneration | 4 | |
| Potion of Healing | 3 | |
8 total
GodsGoodBuddy (
teal | 54 APM | 2079 actions | 38:19)
8 Archmage
3 Summon Water Elemental
3 Brilliance Aura
1 Mass Teleport
1 Blizzard
» actions
| Assign group hotkey | 33 | |
| Basic commands | 50 | |
| Build / train | 93 | |
| Enter build submenu | 49 | |
| Enter hero's abilities submenu | 8 | |
| Give item / drop item | 5 | |
| Remove unit from queue | 3 | |
| Right click | 751 | |
| Select / deselect | 370 | |
| Select group hotkey | 562 | |
| Use ability | 155 | |
2079 total
» units
| Peasant | 17 | |
| Footman | 4 | |
| Goblin Shredder | 3 | |
| Gryphon Rider | 9 | |
| Dragonhawk Rider | 2 | |
35 total
» upgrades
| Masonry | 3 | |
| Swords | 3 | |
| Armor | 3 | |
| Animal War Training | 1 | |
| Cloud | 1 | |
| Storm Hammers | 1 | |
12 total
» buildings
| Altar of Kings | 1 | |
| Barracks | 1 | |
| Farm | 13 | |
| Scout Tower | 31 | |
| Arcane Tower | 1 | |
| Arcane Vault | 1 | |
| Keep | 1 | |
| Town Hall | 3 | |
| Lumber Mill | 1 | |
| Guard Tower | 15 | |
| Castle | 1 | |
| Blacksmith | 2 | |
| Gryphon Aviary | 4 | |
75 total
» build order
00:35 Altar of Kings
00:37 Barracks
00:52 Farm
01:07 Farm
01:09 Farm
01:13 Farm
01:52 Farm
02:17 Scout Tower
02:48 Arcane Tower
03:25 Arcane Vault
03:44 Keep
04:36 Town Hall
04:48 Lumber Mill
05:45 Scout Tower
05:47 Scout Tower
05:50 Scout Tower
06:29 Guard Tower
06:59 Farm
08:07 Castle
08:10 Blacksmith
08:12 Blacksmith
10:13 Scout Tower
10:14 Scout Tower
10:15 Scout Tower
10:16 Scout Tower
10:23 Scout Tower
10:24 Scout Tower
10:25 Scout Tower
10:25 Scout Tower
10:28 Scout Tower
10:51 Guard Tower
10:51 Guard Tower
10:53 Guard Tower
10:53 Guard Tower
10:53 Guard Tower
11:20 Guard Tower
12:43 Gryphon Aviary
12:43 Gryphon Aviary
12:46 Gryphon Aviary
12:48 Gryphon Aviary
14:34 Farm
14:35 Farm
14:35 Farm
14:36 Farm
14:38 Scout Tower
14:39 Scout Tower
14:40 Scout Tower
15:59 Guard Tower
17:30 Town Hall
17:37 Scout Tower
17:37 Scout Tower
17:37 Scout Tower
17:38 Scout Tower
17:38 Scout Tower
17:39 Scout Tower
17:42 Scout Tower
17:46 Scout Tower
17:46 Scout Tower
18:47 Guard Tower
18:53 Farm
18:58 Farm
19:01 Farm
21:04 Scout Tower
21:04 Scout Tower
21:04 Scout Tower
21:05 Scout Tower
21:06 Scout Tower
21:06 Scout Tower
21:11 Guard Tower
27:23 Town Hall
30:23 Guard Tower
» items
| Scroll of Regeneration | 4 | |
| Staff of Teleportation | 1 | |
| Scroll of Town Portal | 3 | |
| Potion of Healing | 1 | |
| Lesser Clarity Potion | 3 | |
| Potion of Mana | 1 | |
13 total

»
Psychological (
orange | 40 APM | 1099 actions | 27:24)
4 Blademaster
2 Wind Walk
2 Critical Strike
1 Far Seer
1 Feral Spirit
» actions
| Build / train | 69 | |
| Enter build submenu | 23 | |
| Enter hero's abilities submenu | 5 | |
| Give item / drop item | 4 | |
| Remove unit from queue | 1 | |
| Right click | 670 | |
| Select / deselect | 277 | |
| Use ability | 50 | |
1099 total
» units
| Peon | 18 | |
| Grunt | 20 | |
| Troll Headhunter/Berserker | 6 | |
44 total
» upgrades
| Melee Weapons | 3 | |
| Armor | 3 | |
| Spiked Barricades | 2 | |
| Berserker Strength | 1 | |
| Berserker Upgrade | 1 | |
| Ranged Weapons | 1 | |
11 total
» buildings
| Orc Burrow | 9 | |
| Altar of Storms | 1 | |
| Barracks | 2 | |
| War Mill | 1 | |
| Watch Tower | 6 | |
| Great Hall | 2 | |
| Stronghold | 1 | |
| Fortress | 1 | |
23 total
» build order
00:03 Orc Burrow
00:06 Orc Burrow
01:02 Altar of Storms
01:45 Barracks
02:11 War Mill
03:01 Orc Burrow
03:58 Orc Burrow
04:43 Watch Tower
05:07 Watch Tower
05:54 Watch Tower
06:03 Great Hall
06:58 Orc Burrow
07:02 Watch Tower
07:55 Stronghold
08:08 Orc Burrow
08:44 Watch Tower
10:12 Watch Tower
10:15 Orc Burrow
12:30 Barracks
12:34 Fortress
18:41 Orc Burrow
18:45 Orc Burrow
23:17 Great Hall
» items
| Healing Salve | 1 | |
| Scroll of Regeneration | 2 | |
| Orb of Fire | 1 | |
4 total
Chat log
(00:05 / All) NiggrHater: leave?
(00:06 / All) NutBlaster: well 4s is ruined for the night
(00:07 / Allies) GodsGoodBuddy: stay
(00:10 / Allies) NiggrHater: k
(00:14 / Allies) NiggrHater: is he here
(00:15 / Allies) GodsGoodBuddy: yes
(00:18 / Allies) GodsGoodBuddy: ssh
(00:18 / All) johnl5r3w9: why is it runied
(00:20 / Allies) NiggrHater: whats his name
(00:24 / All) NiggrHater: o
(00:25 / All) NiggrHater: lol
(00:34 / All) NutBlaster: cuz this tard is on 2 keys..loggin in double to 4s and quitting
(00:43 / All) johnl5r3w9: lol
(00:46 / Allies) NiggrHater: i got random
(00:46 / All) johnl5r3w9: when is 4s ever not ruined?
(00:48 / Allies) NiggrHater: as human
(00:54 / All) NutBlaster: lawl true
(01:19 / 8) NiggrHater: now
(01:23 / 8) NiggrHater: tell me
(01:27 / 8) NiggrHater: exactly what i do
(01:43 / All) johnl5r3w9: kinda mkaes me wanna back stab my team
(01:46 / All) Tardwrangler: Why?
(01:54 / All) johnl5r3w9: i get urges
(02:02 / All) GodsGoodBuddy: Is your name Adam Lanzo?
(02:05 / All) Tardwrangler: Control them then
(02:07 / All) NutBlaster: thats when u whack it
(02:10 / All) johnl5r3w9: cant
(02:23 / 8) NiggrHater: where is he bot left he said?
(02:23 / All) Psychological: hes right whack it
(02:28 / Allies) GodsGoodBuddy: yeah
(02:35 / All) johnl5r3w9: ok brbr oging on porn hub
(02:42 / All) Psychological: haha
(02:42 / All) johnl5r3w9: leave me with 30 min
(02:47 / All) NutBlaster: yaya pornhub
(02:54 / All) Psychological: try out tiava.com
(02:56 / All) Psychological: good selection
(04:15 / All) johnl5r3w9: sometimes i get the urge to ejaculate inside of my pants
(04:24 / All) NutBlaster: its a handy spot
(04:25 / All) johnl5r3w9: and then
(04:40 / 8) NiggrHater: i need wood and gold ill repay u
(04:58 / All) johnl5r3w9: and then i sell it back to the store
(05:04 / 8) NiggrHater: or if u cant nm
(05:27 / Allies) GodsGoodBuddy: Gold plex?
(05:35 / Allies) GodsGoodBuddy: Thanks brother
(05:44 / 8) NiggrHater: want me to give u some?
(05:55 / Allies) GodsGoodBuddy: Yellow gave me gold
(06:00 / 8) NiggrHater: ok
(06:09 / Allies) NutBlaster: cuz i love you
(07:04 / Allies) GodsGoodBuddy: Thanks brother
(07:08 / 8) NiggrHater: np
(07:12 / Allies) NutBlaster: not my orb you bastage
(07:20 / Allies) NutBlaster: ill heal u tho
(08:27 / Allies) GodsGoodBuddy: all tp
(08:37 / Allies) GodsGoodBuddy: everyone tp
(08:52 / Allies) GodsGoodBuddy: EVERYONE TP
(09:42 / Allies) Psychological: counter
(09:44 / Allies) Psychological: gogogo
(10:47 / Allies) NutBlaster: yea babay
(11:05 / Allies) GodsGoodBuddy: human base easier
(11:14 / All) GodsGoodBuddy: crack that soft nut
(11:34 / Allies) NutBlaster: b up
(11:42 / Allies) GodsGoodBuddy: go around bottom
(11:49 / Allies) GodsGoodBuddy: yellow go through bottom
(11:51 / Allies) GodsGoodBuddy: and attack other side
(13:40 / All) NutBlaster: thought so nigga
(16:42 / Allies) NutBlaster: ha
(17:15 / Allies) GodsGoodBuddy: hit blue!!!!
(17:52 / Allies) NutBlaster: shit
(17:55 / Allies) NutBlaster: b
(17:56 / Allies) NutBlaster: b
(17:56 / Allies) NutBlaster: b
(17:57 / Allies) NutBlaster: get aa
(17:58 / Allies) NutBlaster: fast
(18:16 / Allies) Psychological: aa
(18:17 / Allies) Psychological: aa
(18:22 / All) GodsGoodBuddy: if you kill that hero blue you will regret it
(18:49 / Allies) GodsGoodBuddy: lumber
(19:07 / Allies) GodsGoodBuddy: It's my mission in life to kill blue
(19:10 / Allies) GodsGoodBuddy: join me if you guys desire
(19:10 / Allies) NutBlaster: just get aa oj
(19:15 / Allies) Psychological: i am
(19:37 / Allies) NutBlaster: b
(19:40 / Allies) NutBlaster: get aa 1st
(19:45 / Allies) NutBlaster: out oj
(20:39 / 8) NiggrHater: what should we do
(21:55 / Allies) NutBlaster: ?
(21:59 / Allies) GodsGoodBuddy: yes
(22:19 / All) Tardwrangler: Thanks for getting trapped in my base, slave
(22:36 / Allies) GodsGoodBuddy: charge
(22:41 / Allies) NutBlaster: go
(23:31 / All) Tardwrangler: Fiends aren't aa btw blue
(23:32 / Allies) Psychological: nice work
(23:39 / Allies) NutBlaster: ha yea gj guys
(23:54 / All) Tardwrangler: Speak English
(24:08 / All) Tardwrangler: Oh/
(24:11 / All) Tardwrangler: How did you know?
(24:37 / 8) NiggrHater: where to
(24:54 / 8) NiggrHater: ill follow u
(25:10 / All) kellonie: go kill pink at his base fast
(25:14 / All) NutBlaster: just leave homo
(25:30 / All) Tardwrangler: Why? Not over yet
(25:36 / Allies) NutBlaster: meet plz
(25:44 / All) kellonie: yeah it is pink u are a tker
(25:47 / All) Tardwrangler: I got 17k banked
(25:55 / All) NutBlaster: so?
(26:06 / Allies) Psychological: gold anyone
(26:07 / Allies) NutBlaster: lol oops
(26:09 / Allies) NutBlaster: hit bladestorm
(26:15 / Allies) NutBlaster: why tk teal?
(26:22 / All) NutBlaster: great teal is a tk
(26:28 / All) Tardwrangler: lol
(26:30 / 8) NiggrHater: lol
(26:32 / All) GodsGoodBuddy: well that was easy
(26:32 / All) NiggrHater: lol
(26:43 / All) Tardwrangler: He didn't even try
(26:48 / All) NiggrHater: heheheh
(26:55 / All) Tardwrangler: Normally orcs are stubborn and run around with their blademasters for half an hour
(26:59 / All) NiggrHater: now for you purp
(27:04 / Allies) Psychological: ?
(27:27 / All) GodsGoodBuddy: lol
(27:30 / All) Tardwrangler: wtf
(27:31 / All) NiggrHater: lol
(27:32 / All) GodsGoodBuddy: Alright
(27:33 / All) Tardwrangler: That was ridiculously easy
(27:36 / All) GodsGoodBuddy: Time for your team to lose
(27:54 / All) Tardwrangler: Gonna kill purp in a sec
(27:57 / All) Tardwrangler: Waiting for my cloud
(28:01 / All) GodsGoodBuddy: just cancel the expo you're making
(28:07 / All) NiggrHater: hehe
(28:53 / All) GodsGoodBuddy: is that oyu clouding?
(28:57 / All) Tardwrangler: Yes
(29:16 / All) GodsGoodBuddy: I'd say maybe .0001% of bnet knows you can cloud allies
(29:26 / All) GodsGoodBuddy: less than that
(29:36 / All) kellonie: im sorry the both of u got fucked by your dads
(29:39 / All) NiggrHater: shit
(29:41 / All) NiggrHater: sorry
(29:45 / All) Tardwrangler: np it happens
(29:53 / All) NiggrHater: lol
(29:55 / All) NiggrHater: this is fun
(30:09 / All) GodsGoodBuddy: I've played TFT since it came out and never knew yo ucould cloud allies until like what 2 weeks ago?
(30:16 / All) Tardwrangler: yeah
(30:18 / All) Tardwrangler: nobody knows about it
(30:28 / All) kellonie: thats beacuse u are really garbage player
(30:30 / All) GodsGoodBuddy: Until an ally clouded me lawl
(30:38 / All) GodsGoodBuddy: I was just about to call him a retard for trying
(30:48 / All) GodsGoodBuddy: Well no other spell works on allies like that
(30:49 / All) NiggrHater: they really have no chance
(30:51 / All) GodsGoodBuddy: That is a detrimental spell
(30:54 / All) kellonie: thats beacuse u are garbage player
(30:56 / All) NiggrHater: v 3 of us
(30:56 / All) GodsGoodBuddy: it doesn't benefit allies in any way
(31:04 / All) Tardwrangler: It's almost impossible to lose a 3 man stab
(31:13 / All) GodsGoodBuddy: Unless Jacob Campbell is amongst us
(31:22 / All) Tardwrangler: Fortunately he is not
(31:28 / All) GodsGoodBuddy: His fat gets in our way, stifles our movement and blots out the sun from our eyes
(31:50 / All) NiggrHater: wonder where he is
(31:54 / All) NiggrHater: nothings left now?
(32:01 / All) Tardwrangler: Just killing my stuff
(32:02 / All) GodsGoodBuddy: Is blue calling us garbage?
(32:03 / Allies) GodsGoodBuddy: \
(32:06 / All) NiggrHater: lol
(32:08 / All) GodsGoodBuddy: he's 136-148
(32:08 / All) Tardwrangler: Yes
(32:13 / All) NiggrHater: gl blue
(32:14 / All) GodsGoodBuddy: 4v4 RT
(32:15 / All) NiggrHater: glglglg
(32:19 / All) kellonie: you guys are garbage
(32:23 / All) NiggrHater: i doubt u can win
(32:25 / All) GodsGoodBuddy: You aren't even 50% bud
(32:25 / All) Tardwrangler: That's practically top 200 in today's ladder
(32:29 / All) GodsGoodBuddy: Yeah
(32:30 / All) kellonie: and your garbage
(32:34 / All) NiggrHater: hahah
(32:38 / 8) NiggrHater: they always get so mad
(32:41 / All) NiggrHater: i like it
(32:43 / All) GodsGoodBuddy: You mean "you're"
(32:46 / All) kellonie: you cant win the real way
(32:49 / All) kellonie: like it
(32:50 / All) GodsGoodBuddy: the contraction of "you" and "are"
(32:52 / All) kellonie: i pity you
(33:00 / All) kellonie: you
(33:00 / All) NiggrHater: this is more fun
(33:02 / All) GodsGoodBuddy: Your implies possession
(33:02 / All) kellonie: are
(33:05 / All) kellonie: garbage
(33:06 / All) NiggrHater: then you would think
(33:10 / All) kellonie: its sad really to think of
(33:10 / All) Tardwrangler: Yes it is
(33:11 / All) GodsGoodBuddy: There you go
(33:12 / All) NiggrHater: im enjoying myself
(33:14 / All) NiggrHater: really
(33:19 / All) GodsGoodBuddy: Now you can pass high school English class
(33:19 / All) kellonie: it is so sad though
(33:20 / All) Tardwrangler: The invulnerability is also nice
(33:33 / All) NiggrHater: byby blue
(33:36 / All) kellonie: the only kind of victory u will ever get
(33:39 / All) kellonie: is a cheat
(33:41 / All) kellonie: its sad
(33:43 / All) GodsGoodBuddy: Is it?
(33:49 / All) GodsGoodBuddy: you got roughed up fair and square
(33:50 / All) kellonie: cuz u will never know what its like to really win at anything
(33:54 / All) NiggrHater: ahhahahah
(34:02 / All) kellonie: you
(34:03 / All) GodsGoodBuddy: You aren't even 50% buddy
(34:04 / All) kellonie: are
(34:06 / All) kellonie: garbage
(34:09 / All) Tardwrangler: People rage like this all the time too red
(34:10 / All) GodsGoodBuddy: You mass wyrms every game
(34:13 / All) GodsGoodBuddy: and get lucky
(34:14 / All) Tardwrangler: Sometimes it's way funnier
(34:16 / All) NiggrHater: really?
(34:19 / All) kellonie: im not even raging
(34:21 / All) Tardwrangler: people saying they are saudi princes and threatening to kill you
(34:22 / All) GodsGoodBuddy: Yeah you are
(34:22 / All) kellonie: i dont even care
(34:25 / All) NiggrHater: its entertaining
(34:25 / All) Tardwrangler: stuff like that
(34:26 / All) kellonie: i think its funny
(34:28 / All) GodsGoodBuddy: Sure you do
(34:33 / All) kellonie: that you have to act like this
(34:37 / All) GodsGoodBuddy: You got curb stomped legitimately
(34:38 / All) NiggrHater: blue
(34:40 / All) kellonie: to feel acompslished
(34:42 / All) NiggrHater: keep crying
(34:45 / All) NiggrHater: take it
(34:46 / All) kellonie: im not
(34:50 / All) GodsGoodBuddy: I had my way with you
(34:52 / All) kellonie: its so sad and funny
(34:53 / All) GodsGoodBuddy: I told you I would
(35:00 / All) kellonie: you cant win the real
(35:02 / All) GodsGoodBuddy: Blue you were raped handedily by me
(35:03 / All) NiggrHater: why are u staying
(35:06 / All) GodsGoodBuddy: Did you like it?
(35:07 / All) kellonie: you cant win in life
(35:11 / All) kellonie: u could never win
(35:23 / All) kellonie: so u have to cheat to win a video game to feel good about yourselfs
(35:23 / All) NiggrHater: i think hes getten mad
(35:24 / All) NiggrHater: lol
(35:27 / All) Tardwrangler: down to my last building
(35:27 / All) kellonie: that is so funny
(35:30 / All) GodsGoodBuddy: I molested you blue
(35:32 / All) Tardwrangler: want to extract all the funnies I can from blue though
(35:38 / All) NiggrHater: byby blue
(35:43 / All) GodsGoodBuddy: I fondled your fiends and groped your wyrms
(35:43 / All) kellonie: i havent read a word you typed back either
(35:48 / All) kellonie: its great
(35:55 / All) NiggrHater: BYBY BLUE
(35:56 / All) kellonie: i can just keep typing the truth
(35:56 / All) Tardwrangler: Blue, we are three ladder enterpreneurs inventing new ways of dominating the ladder
(35:58 / All) GodsGoodBuddy: I made your death knight my bitch
(36:03 / All) Tardwrangler: You are simply a helpless employee in our grand pyramid scheme
(36:04 / All) kellonie: and you guys cant do anyting about it
(36:08 / All) kellonie: cuz its true
(36:08 / All) Tardwrangler: A victim with no money to your name
(36:13 / All) kellonie: lololololol
(36:15 / All) Tardwrangler: I have a grand sum of 16,672 in my bank account
(36:16 / All) NiggrHater: YOU CANT DO ANYTHING ABOUT LOSING THIS GAME
(36:17 / All) Tardwrangler: A true CEO
(36:19 / All) GodsGoodBuddy: You are madder than hell right now
(36:21 / All) GodsGoodBuddy: How mad you are?
(36:24 / All) GodsGoodBuddy: HOW MAD YOU ARE?
(36:25 / All) Tardwrangler: You are not even some kind of executive producer or project leader
(36:30 / All) GodsGoodBuddy: I PUNCHING THE WALL, HOW MAD YOU ARE?
(36:35 / All) Tardwrangler: You are just a working class employee of mine being eliminated from the system
(36:38 / All) Tardwrangler: How does this make you feel?
(36:46 / All) kellonie: hahahah
(36:55 / All) kellonie: i have a cpa lolololoolol
(36:56 / All) Tardwrangler: My company does not need talentless people like you
(37:09 / All) kellonie: and i wouldnt ever talk to u pink
(37:10 / All) Tardwrangler: You will be reduced to playing 3v3 when I am through with you
(37:13 / All) kellonie: i have always won
(37:18 / All) kellonie: the real way
(37:20 / All) Tardwrangler: You certainly have not won at this
(37:22 / All) kellonie: not the fake
(37:23 / All) NiggrHater: lol
(37:26 / All) kellonie: it is so funny
(37:31 / All) GodsGoodBuddy: What's your facebook
(37:32 / All) Tardwrangler: Oh it is very real, it will go on your record
(37:35 / All) kellonie: u have to cheat to show off a video game score to a friend
(37:42 / All) Tardwrangler: Your employee record will be stamped with one more big *LOSS*
(37:44 / All) kellonie: to feel a legitiment sense of worth
(37:50 / All) kellonie: and by you responding
(37:51 / All) GodsGoodBuddy: Then maybe I can have my way with you in real life too
(37:52 / All) NiggrHater: :)
(37:57 / All) kellonie: and not killing green
(37:58 / All) Tardwrangler: 1 hit until the game ends
(38:01 / All) Tardwrangler: Any last words blue?
(38:01 / All) kellonie: it shows it
(38:04 / All) kellonie: peace out
(38:05 / All) Tardwrangler: Before you are reduced to the streets
(38:05 / All) GodsGoodBuddy: I'll follow you home when you shop
(38:11 / All) NiggrHater: by
(38:14 / Allies) GodsGoodBuddy: and then I'll give you a black and blue christmas
(38:16 / All) NiggrHater: blue